 Dungeon Crawl Stone Soup version 0.32-a0-312-g1d7162e751 (webtiles) character file.

Game seed: 11935224804822626368

357 Nattfarinn the Changeling (level 6, -6/37 HPs)
             Began as an Octopode Shapeshifter on Feb 15, 2024.
             Mangled by an ice beast (8 damage)
             ... on level 3 of the Dungeon.
             The game lasted 00:02:47 (2358 turns).

Nattfarinn the Changeling (Octopode Shapeshifter)   Turns: 2358, Time: 00:02:47

Health: -6/37      AC:  1    Str: 15    XL:     6   Next: 64%
Magic:  6/6        EV: 17    Int: 12    God:
Gold:   120        SH:  0    Dex: 12    Spells: 5/5 levels left

rFire   . .          .
                       - Unarmed
rCold   . . .        (shield currently unavailable)
rNeg    . . .        (helmet restricted)
rPois   .            (no amulet)
rElec   .            (no ring)
rCorr   .            (no ring)
SInv    .            (no ring)
Will    .....        (no ring)
Stlth   +            (no ring)
HPRegen 0.26/turn    (no ring)
MPRegen 0.10/turn    (no ring)
                     (no ring)

%: no passive effects
@: flux-form, glowing
A: glow, contaminating, reduced hp, almost no armour, amphibious, 8 rings,
camouflage 1, gelatinous body 1, (nimble swimmer 1), tentacles
a: Begin Untransformation


You were on level 3 of the Dungeon.
You were something dangerously unstable.
You visited 1 branch of the dungeon, and saw 3 of its levels.

You collected 120 gold pieces.

Inventory:

Talismans
 b - a beast talisman
 c - a flux talisman (active)
Scrolls
 d - 2 scrolls of brand weapon {unknown}
 g - 2 scrolls of vulnerability {unknown}
 i - a scroll of revelation {unknown}
 j - a scroll of butterflies {unknown}
 l - a scroll of enchant weapon {unknown}
 m - a scroll of silence {unknown}
 n - 2 scrolls of fear {unknown}
 r - a scroll of immolation {unknown}
Potions
 a - a potion of lignification
 e - a potion of cancellation {unknown}
 f - a potion of heal wounds {unknown}
 h - a potion of mutation {unknown}
 k - a potion of curing {unknown}
 o - a potion of degeneration {unknown}
 p - a potion of berserk rage {unknown}
 q - a potion of brilliance {unknown}
 s - a potion of resistance {unknown}


   Skills:
 - Level 1.0 Fighting
 - Level 2.0 Dodging
 - Level 3.0 Unarmed Combat
 + Level 6.7 Shapeshifting


You had 5 spell levels left.
You didn't know any spells.
Your spell library was empty.

Dungeon Overview and Level Annotations

Branches:
Dungeon (3/15)

Altars:
Qazlal

Annotations:
D:3 1 runed translucent door, Crazy Yiuf


Innate Abilities, Weirdness & Mutations

You are something dangerously unstable.
You glow with magical radiation, making you easy to see and hit.
Foes you strike become dangerously contaminated with magical radiation.
Your maximum health is decreased, since you lack skill for your form.
You are incapable of wielding weapons or throwing items.
You cannot wear most types of armour.
You are amphibious.
You can wear up to eight rings at the same time.
Your skin changes colour to match your surroundings (Stealth+).
Your rubbery body absorbs attacks. (AC +1, EV +1)
((You are camouflaged when in or above water. (Stealth+)))
You have tentacles for arms and can constrict up to eight enemies at once.


Message History

No target in view!
HP restored.
r - a scroll labelled LIOSOS POVVUI You now have 120 gold pieces (gained 13).
s - a purple potion
Found a hammer.
Found a runed translucent door.
Crazy Yiuf shouts!
Crazy Yiuf laughs, "Rifle agre return to song!"
Items here: )) [[.
You see here a rat skeleton.
Found a puce potion.
You tentacle-slap the ice beast but do no damage.
The ice beast begins to glow.
The ice beast closely misses you.
You tentacle-slap the ice beast.
The ice beast glows dangerously bright.
The ice beast is lightly wounded.
The ice beast hits you. The ice beast freezes you!
You barely miss the ice beast.
The ice beast is lightly wounded.
The ice beast hits you. The ice beast freezes you!
* * * LOW HITPOINT WARNING * * *
Unknown command.
You tentacle-slap the ice beast but do no damage.
The ice beast shudders as magic cascades through it!!
The ice beast twists and deforms.
You squeeze the ice beast.
The ice beast is almost dead.
The ice beast hits you.
* * * LOW HITPOINT WARNING * * *
The ice beast freezes you.
* * * LOW HITPOINT WARNING * * *
You tentacle-slap the ice beast but do no damage.
The ice beast begins to glow.
You squeeze the ice beast.
The ice beast is almost dead.
The ice beast closely misses you.
Unknown command.
You tentacle-slap the ice beast.
The ice beast glows dangerously bright.
The ice beast is almost dead.
The ice beast hits you.
* * * LOW HITPOINT WARNING * * *
The ice beast freezes you!
You die...

......# #.#..#.#####..[..##.##
......####..(.#)##.....)####..#
).....##.....##÷)...##### ##.#
...................## #.###
...........####.#### #...#
.........######.## ###.#
..##...#.....##..###### #..
..#..#...###..........# #..
.....##..####...p.....# #..
.....##...##....Y.....# #..
..#..##.#.....÷....)### #..
###..#..#.#######.#... ### #
#..#.##... .###..# # #..#.##.#.
.# #.! # #.......#.. .# ##
####......# ._ .# .###......#
...


You could see an ice beast (heavy contam, misshapen).

Vanquished Creatures
  Sigmund (D:2)
  A bombardier beetle (D:3)
  Jessica (D:3)
  An orc wizard (D:3)
  An adder (D:2)
  2 dart slugs
  2 ribbon worms
  3 orcs (D:3)
  6 ball pythons
  4 endoplasms
  A giant cockroach (D:1)
  3 goblins
  4 hobgoblins
  2 jackals (D:2)
  5 kobolds
  4 quokkas
  9 bats
  6 frilled lizards
  7 rats
63 creatures vanquished.

Notes
Turn   | Place    | Note
-------+----------+-------------------------------------------
     0 | D:1      | Nattfarinn the Octopode Shapeshifter began the quest for
                  | the Orb.
     0 | D:1      | Reached XP level 1. HP: 13/13 MP: 1/1
    90 | D:1      | Reached XP level 2. HP: 14/18 MP: 2/2
   386 | D:1      | Reached XP level 3. HP: 14/23 MP: 3/3
   392 | D:1      | Reached skill level 4 in Shapeshifting
   456 | D:1      | Found a faded altar of an unknown god.
  1031 | D:2      | Reached XP level 4. HP: 10/28 MP: 4/4
  1557 | D:2      | Noticed Sigmund
  1564 | D:2      | Killed Sigmund
  1565 | D:2      | Reached skill level 6 in Shapeshifting
  1565 | D:2      | Reached XP level 5. HP: 18/33 MP: 5/5
  1565 | D:2      | Reached XP level 6. HP: 21/38 MP: 6/6
  1916 | D:3      | Found a stormy altar of Qazlal.
  2074 | D:3      | Noticed an ice beast
  2083 | D:3      | Noticed Jessica
  2098 | D:3      | Killed Jessica
  2318 | D:3      | Found a runed translucent door.
  2319 | D:3      | Noticed Crazy Yiuf
  2358 | D:3      | Mangled by an ice beast

Illustrated notes

Levels and vault maps discovered:
D:1:      mainiacjoe_arrival_oval_in_oval, layout_basic,
          chequers_ecumenical_altar_twisty
D:2:      layout_basic, uniq_sigmund
D:3:      layout_rooms, mainiacjoe_overflow_cross_hatched,
          minmay_misc_feat_diagonals, uniq_crazy_yiuf_cottage, uniq_jessica

Skill      XL: |  1  2  3  4 |
---------------+-------------+-----
Shapeshifting  | 4 6 |  6.7
Fighting       | |  1.0
Dodging        | |  2.0
Unarmed Combat | |  3.0

Action                     |  1- 3 |  4- 6 || total
---------------------------+-------+-------++-------
  Melee: Unarmed           |    58 |    76 ||   134
         Constrict         |    15 |    21 ||    36
         Tentacles         |     9 |    16 ||    25
         Punch             |       |     3 ||     3
   Stab: Sleeping          |     5 |     1 ||     6
 Armour: Skin              |    20 |    32 ||    52
  Dodge: Dodged            |    32 |    47 ||    79
   Form: Flux              |       |     1 ||     1

Table legend: (Time is in decaauts)
 A = Elapsed time spent in this place.
 B = Non-inter-level travel time spent in this place.
 C = Inter-level travel time spent in this place.
 D = Time resting spent in this place.
 E = Time spent auto-exploring this place.
 F = Levels seen in this place.
 G = Mean time per level.
                   A        B        C        D        E       F      G
               +--------+--------+--------+--------+--------+-----+--------+
         Total |   2350 |   2328 |     22 |     60 |   1832 |   3 |  783.3 |
       Dungeon |   2350 |   2328 |     22 |     60 |   1832 |   3 |  783.3 |
               +--------+--------+--------+--------+--------+-----+--------+

Top non-repeatable levels by time:
     D:1: 936 daAuts
     D:2: 894 daAuts
     D:3: 519 daAuts
